 Dungeon Crawl Stone Soup version 0.31-a0-836-g3ceb0a68c4 (webtiles) character file.

Game seed: 7804452625563366066

25 Kurtz the Chopper (level 3, -2/26 HPs)
             Began as an Octopode Fighter on Sept 26, 2023.
             Slain by an ogre
             ... wielding a +0 giant club
              (17 damage)
             ... on level 2 of the Dungeon.
             The game lasted 00:00:20 (798 turns).

Kurtz the Chopper (Octopode Fighter)                 Turns: 798, Time: 00:00:21

Health: -2/26      AC:  1    Str: 15    XL:     3   Next: 6%
Magic:  3/3        EV: 13    Int: 10    God:
Gold:   102        SH:  4    Dex: 13    Spells: 2/2 levels left

rFire   . . .        a - +0 war axe
rCold   . . .        b - +0 buckler
rNeg    . . .        (helmet restricted)
rPois   .            (no amulet)
rElec   .            (no ring)
rCorr   .            (no ring)
SInv    .            (no ring)
Will    .....        (no ring)
Stlth   ++           (no ring)
HPRegen 0.24/turn    (no ring)
MPRegen 0.08/turn    (no ring)
                     (no ring)

%: no passive effects
@: no status effects
A: almost no armour, amphibious, 8 rings, camouflage 1, gelatinous body 1,
(nimble swimmer 1), tentacles
a: no special abilities


You were on level 2 of the Dungeon.
You visited 1 branch of the dungeon, and saw 2 of its levels.

You collected 102 gold pieces.

Inventory:

Hand Weapons
 a - a +0 war axe (weapon)
Armour
 b - a +0 buckler (worn)
Scrolls
 d - a scroll of identify {unknown}
Potions
 c - a potion of might
 e - a potion of heal wounds {unknown}


   Skills:
 - Level 3.0 Fighting
 * Level 3.4 Axes
 - Level 3.0 Dodging
 - Level 3.0 Shields


You had 2 spell levels left.
You didn't know any spells.
Your spell library contained the following spells:

 Spells                   Type           Power      Damage    Failure   Level
 Frozen Ramparts          Ice            0%         1d1       83%         3
 Petrify                  Tmut/Erth      0%         N/A       99%         4
 Metabolic Englaciation   Hex/Ice        0%         N/A       100%        5


Dungeon Overview and Level Annotations

Branches:
Dungeon (2/15)

Altars:


Innate Abilities, Weirdness & Mutations

You cannot wear most types of armour.
You are amphibious.
You can wear up to eight rings at the same time.
Your skin changes colour to match your surroundings (Stealth+).
Your rubbery body absorbs attacks. (AC +1, EV +1)
((You are camouflaged when in or above water. (Stealth+)))
You have tentacles for arms and can constrict up to eight enemies at once.


Message History

A bat is nearby!
A bat is nearby!
A bat is nearby!
A bat is nearby!
The helpless bat fails to defend itself.
You hit the bat.
You kill the bat!
You have reached level 3!
Your experience leads to an increase in your attributes!
Increase (S)trength, (I)ntelligence, or (D)exterity?
You feel agile. x2
You see here a bat corpse.
Found a stone staircase leading down.
No target in view!
No target in view!
A hobgoblin comes into view.
Found 11 gold pieces.
The hobgoblin shouts!
There is a stone staircase leading down here.
A hobgoblin is nearby!
Found 14 gold pieces.
A hobgoblin is nearby!
Found 10 gold pieces.
The hobgoblin misses you.
An ogre comes into view. It is wielding a +0 giant club.
There are monsters nearby!
The ogre shouts!
You slash the hobgoblin!
You kill the hobgoblin!
An ogre is nearby!
An ogre is nearby!
A kobold comes into view. It is wielding a +0 dagger of freezing.
The ogre hits you with a +0 giant club!
There are monsters nearby!
The kobold shouts!
You slash the ogre!
The ogre is moderately wounded.
You hear an angry hiss.
The ogre hits you with a +0 giant club!
Ouch! That really hurt!
You die...

####### ######
#...$.# #....#
#.....####
#.##.#####.........
#.##.>.....@O......
###.##..#...$...$....
#.......#....####..K.
##..###.#....... ...
#......#........ .
#†######......... #.#
#....#.... #.#
#....#.... #.#


You could see an ogre and a kobold.

Vanquished Creatures
  2 dart slugs
  A bat (D:2)
  2 endoplasms (D:1)
  2 giant cockroaches
  2 goblins (D:1)
  4 hobgoblins
  2 jackals (D:1)
  2 kobolds (D:1)
17 creatures vanquished.

Notes
Turn   | Place    | Note
-------+----------+-------------------------------------------
     0 | D:1      | Kurtz the Octopode Fighter began the quest for the Orb.
     0 | D:1      | Reached XP level 1. HP: 16/16 MP: 1/1
   121 | D:1      | Reached XP level 2. HP: 20/21 MP: 2/2
   781 | D:2      | Reached XP level 3. HP: 26/26 MP: 3/3
   793 | D:2      | Noticed an ogre
   798 | D:2      | Slain by an ogre

Illustrated notes

Levels and vault maps discovered:
D:1:      dpeg_arrival_tiny_h, layout_basic
D:2:      layout_basic, serial_shops, shop, minmay_circled_x, uniq_sigmund

Skill      XL: |  1  2 |
---------------+-------+-----
Axes           | 3 |  3.4
Fighting       | |  3.0
Dodging        | |  3.0
Shields        | |  3.0

Action                     || total
---------------------------++-------
  Melee: War axe           ||    26
         Constrict         ||     7
         Tentacles         ||     3
   Stab: Sleeping          ||     2
 Armour: Skin              ||     9
  Dodge: Dodged            ||     9
  Block: Buckler           ||     4

Table legend: (Time is in decaauts)
 A = Elapsed time spent in this place.
 B = Non-inter-level travel time spent in this place.
 C = Inter-level travel time spent in this place.
 D = Time resting spent in this place.
 E = Time spent auto-exploring this place.
 F = Levels seen in this place.
 G = Mean time per level.
                   A        B        C        D        E       F      G
               +--------+--------+--------+--------+--------+-----+--------+
         Total |    808 |    794 |     14 |      0 |    689 |   2 |  404.0 |
       Dungeon |    808 |    794 |     14 |      0 |    689 |   2 |  404.0 |
               +--------+--------+--------+--------+--------+-----+--------+

Top non-repeatable levels by time:
     D:1: 743 daAuts
     D:2: 64 daAuts
